 Dungeon Crawl Stone Soup version 0.24.0-13-gcf9b319 (webtiles) character file.

Game seed: 5965814100553773383, levelgen mode: deterministic

189 Bronimir the Slasher (level 5, -5/42 HPs)
             Began as a Centaur Gladiator on Mar 31, 2020.
             Killed from afar by an orc wizard (8 damage)
             ... with a magic dart
             ... on level 3 of the Dungeon.
             The game lasted 00:06:52 (3372 turns).

Bronimir the Slasher (Centaur Gladiator)            Turns: 3372, Time: 00:06:53

Health: -5/42      AC:  5    Str: 18    XL:     5   Next: 40%
Magic:  5/5        EV: 10    Int:  7    God:
Gold:   95         SH:  0    Dex: 10    Spells: 4/4 levels left

rFire    . . .     SeeInvis .   a - +0 long sword
rCold    . . .     Gourm    .   (no shield)
rNeg     . . .     Faith    .   b - +0 leather armour
rPois    .         Spirit   .   c - +0 helmet
rElec    .         Reflect  .   (no cloak)
rCorr    .         Harm     .   (no gloves)
MR       .....                  (no barding)
Stlth    ..........             (no amulet)
HPRegen  0.14/turn              (no ring)
MPRegen  0.09/turn              (no ring)

@: about to teleport, very quick
A: large, hooves 3, deformed body, speed 2, tough skin 3
a: no special abilities


You were on level 3 of the Dungeon.
You were not hungry.

You visited 1 branch of the dungeon, and saw 3 of its levels.

You collected 95 gold pieces.

Inventory:

Hand Weapons
 a - a +0 long sword (weapon)
 o - a +0 war axe
Missiles
 d - a throwing net
 e - 17 poisoned darts
 g - 143 stones
 j - 77 arrows
 m - 8 javelins
 r - 5 boomerangs (quivered)
 s - 16 sling bullets
Armour
 b - a +0 leather armour (worn)
 c - a +0 helmet (worn)
Jewellery
 l - a +3 ring of protection {unknown}
Scrolls
 h - a scroll of teleportation
 i - a scroll of enchant armour {unknown}
 k - a scroll of enchant weapon {unknown}
 n - 2 scrolls of remove curse {unknown}
Comestibles
 f - 6 rations


   Skills:
 + Level 2.3 Fighting
 * Level 4.1 Long Blades
 + Level 2.8 Throwing
 * Level 1.5 Armour
 * Level 2.9 Dodging


You had 4 spell levels left.
You didn't know any spells.
Your spell library was empty.

Dungeon Overview and Level Annotations

Branches:
Dungeon (3/15)

Altars:
Nemelex Xobeh


Innate Abilities, Weirdness & Mutations

You have hooves in place of feet.
Armour fits poorly on your strangely shaped body.
You cover ground very quickly.
You have extremely tough skin. (AC +3)


Message History

* * * LOW HITPOINT WARNING * * *
Throwing (i - inventory. (/) - cycle)
r - 5 boomerangs (quivered)
Press: ? - help, Shift-Dir - straight line, f/p - orc wizard
Aim: an orc wizard, wielding a +0 dagger and wearing a +0 robe (heavily wounded)
You throw a boomerang. The boomerang hits the orc wizard!
The orc wizard is almost dead.
The orc wizard closely misses you. The kobold hits you but does no damage.
The orc wizard hits you with a +0 dagger.
* * * LOW HITPOINT WARNING * * *
You slash the orc wizard!
You kill the orc wizard!
The kobold hits you but does no damage.
The orc wizard mumbles some strange words.
The orc wizard blinks!
As you read the scroll labeled QATINAU ZEVVAN, it crumbles to dust.
You feel strangely unstable.
It was a scroll of teleportation.
The kobold hits you but does no damage. The orc wizard casts a spell at you.
The magic dart hits you!
You die...

..........................
...................#.#.###
...........o.).....#...# #
.......[........?..##...##
...................##...##
.>......w..........###..##
......o)K..........# .....
........o..........# .#.##
...[.....@.........#
...................#
...................#
...................#
...............!...
................
...............
...............


You could see a worm, an orc wizard, 2 orcs and a kobold.

Vanquished Creatures
  An orc wizard (D:3)
  2 worker ants (D:3)
  4 adders
  2 worms
  A dart slug (D:1)
  2 leopard geckos (D:1)
  2 orcs (D:3)
  A ball python (D:1)
  4 giant cockroaches
  8 goblins
  12 hobgoblins
  4 jackals (D:1)
  5 kobolds
  A quokka (D:2)
  4 bats
  7 frilled lizards
  4 rats
64 creatures vanquished.

Notes
Turn   | Place    | Note
-------+----------+-------------------------------------------
     0 | D:1      | Bronimir the Centaur Gladiator began the quest for the Orb.
     0 | D:1      | Reached XP level 1. HP: 17/17 MP: 1/1
   281 | D:1      | Reached XP level 2. HP: 21/24 MP: 2/2
   420 | D:1      | Reached skill level 3 in Long Blades
   941 | D:1      | Reached XP level 3. HP: 28/29 MP: 3/3
  1113 | D:3      | HP: 1/29 [poisoned by an adder]
  1119 | D:3      | HP: 1/29 [poisoned by an adder]
  1717 | D:2      | Reached XP level 4. HP: 27/36 MP: 4/4
  1766 | D:2      | Reached skill level 1 in Armour
  1990 | D:2      | Found a sparkling altar of Nemelex Xobeh.
  2938 | D:3      | Reached skill level 4 in Long Blades
  2938 | D:3      | Reached XP level 5. HP: 21/42 MP: 5/5
  3372 | D:3      | Killed from afar by an orc wizard

Levels and vault maps discovered:
D:1:      dpeg_arrival_morbid_curiosity, layout_rooms,
          wander_ebering_terrifying_dragon_lair
D:2:      layout_loops_cross, first_ration, nemelex_xobeh_ov_fountains_minmay
D:3:      layout_basic, gup_sewer_entry_bowl, cheibrodos_ashenzari_chains

Skill      XL: |  1  2  3  4 |
---------------+-------------+-----
Long Blades    | 3 4 |  4.1
Armour         | 1 |  1.5
Fighting       | |  2.3
Throwing       | |  2.8
Dodging        | |  2.9

Action                   |  1- 3 |  4- 6 || total
-------------------------+-------+-------++-------
Melee: Long sword        |    74 |    60 ||   134
       Kick              |    16 |    13 ||    29
Throw: Javelin           |    16 |     8 ||    24
       Throwing net      |     8 |     6 ||    14
       Boomerang         |       |    25 ||    25
       Stone             |       |     6 ||     6
  Use: Scroll            |     1 |     2 ||     3
       Potion            |       |     2 ||     2
  Eat: Chunk             |     1 |     3 ||     4
       Ration            |       |     1 ||     1
Armor: Leather armour    |    51 |    32 ||    83
Dodge: Dodged            |    72 |    65 ||   137
       Rpst.: Long sword |    22 |    15 ||    37
